 Dungeon Sprint DCSS version 0.27.1-1-g398f81649c (webtiles) character file.

Game seed: 4958252103931091234

305 styxcanada the Unseen (level 6, -1/32 HPs)
             Began as a Spriggan Brigand on Sept 20, 2021.
             Was an Initiate of Gozag.
             Slain by Ijyb (3 damage)
             ... in the Dungeon (Sprint VII: "The Pits").
             The game lasted 00:04:51 (1033 turns).

styxcanada the Unseen (Spriggan Brigand)            Turns: 1033, Time: 00:04:51

Health: -1/32      AC:  3    Str:  7    XL:     6   Next: 16%
Magic:  7/7        EV: 17    Int: 13    God:    Gozag
Gold:   639        SH:  0    Dex: 18    Spells: 5/5 levels left

rFire    . . .     SeeInvis +   a - +2 dagger
rCold    . . .     Faith    .   (shield restricted)
rNeg     . . .     Spirit   .   b - +0 robe
rPois    .         Reflect  .   (helmet restricted)
rElec    .         Harm     .   c - +0 cloak
rCorr    .         Rampage  .   (gloves unavailable)
Will     +....     NoTele   +   (boots unavailable)
Stlth    ++++++....             (no amulet)
HPRegen  0.10/turn              (no ring)
MPRegen  0.10/turn              (no ring)

@: gold aura, on berserk cooldown, slowed, quick
A: very small, no large weapons, unfitting armour, see invisible, speed 3
a: Renounce Religion, Potion Petition, Call Merchant, Bribe Branch


You were in the Dungeon.
You worshipped Gozag.
Gozag was pleased with you.
You visited 1 branch You collected 639 gold pieces.

Inventory:

Hand Weapons
 a - a +2 dagger (weapon)
 n - a +0 dagger of draining
 o - a +4 flail of protection
 p - a +2 long sword of flaming
Missiles
 d - 2 poisoned darts (quivered)
 m - 10 stones
Armour
 b - a +0 robe (worn)
 c - a +0 cloak (worn)
Scrolls
 k - a scroll of blinking
Potions
 f - 6 potions of curing
 g - 5 potions of heal wounds
 h - a potion of haste
 i - 4 potions of magic
 j - 2 potions of berserk rage
 l - 2 potions of invisibility


   Skills:
 + Level 3.5 Fighting
 + Level 5.4 Short Blades
 + Level 5.5 Throwing
 + Level 2.6 Dodging
 + Level 15.5 Stealth


You had 5 spell levels left.
You didn't know any spells.
Your spell library was empty.

Dungeon Overview and Level Annotations

Branches:
Dungeon (1/1)

Altars:
Ashenzari
Cheibriados
Dithmenos
Elyvilon
Fedhas
Gozag
Hepliaklqana
Kikubaaqudgha
Makhleb
Nemelex Xobeh
Okawaru
Qazlal
Ru
Sif Muna
Trog
Uskayaw
Vehumet
Wu Jian
Xom
Yredelemnul
Zin
The Shining One
Beogh
Jiyva
Lugonu

Annotations:
D Ijyb


Innate Abilities, Weirdness & Mutations

You are very small and have problems with some larger weapons.
You are too small for most types of armour.
You have supernaturally acute eyesight. (SInv)
You cover ground extremely quickly. (Speed+++)


Message History

The quasit barely misses you.
The quasit claws you but does no damage.
The quasit closely misses you.
You miss the quasit.
The quasit is heavily wounded.
The quasit misses you. The quasit closely misses you.
The quasit completely misses you.
You closely miss the quasit.
The quasit is heavily wounded.
You hit the quasit.
The quasit is almost dead.
The quasit bites you. The quasit closely misses you.
The quasit completely misses you.
You puncture the quasit!
You kill the quasit!
You now have 639 gold pieces (gained 63).
You feel a strong urge to attack something.
d - 2 poisoned darts (gained 1)
There is an open door here.
You are no longer berserk.
You are exhausted.
You feel yourself slow down.
Things that are here:
a +2 quarterstaff; a +2 trident
Things that are here:
a +2 mace; a +2 hand axe
Things that are here:
a +2 falchion; a +2 dagger
There is an open door here.
Ijyb shouts!
Ijyb zaps a wand.
The puff of flame hits you!
* * * LOW HITPOINT WARNING * * *
There is an open door to the Storerooms (Easy), spattered with blood here.
You see here a +0 whip.
Ijyb hits you with a +0 club.
* * * LOW HITPOINT WARNING * * *
You closely miss Ijyb. Ijyb closely misses you.
You hit Ijyb but do no damage. Ijyb hits you with a +0 club.
You die...
Your body crumbles into a pile of gold.

#_________.# #_________.#
#_______...###########++######
##########'##................#
#.?..')))'.##......#..#......#
##########.##................+
#(..........')...(........(..+
#'#####'#####......#..#......#
#.#...#.#..##..@...........(.#
#(#...#.#).#####g#####++######
#.#...'.#))##.......#
#.##'####..##.......#
#.#.....#[[##.......#
#5#.....#'###...<...#
#.#........##.......#
#5#........##.......#
#(###########.......#


You could see Ijyb.

Vanquished Creatures
  A floating eye (D)
  A bullfrog (D)
  A quasit (D)
  An iron imp (D)
  An iguana (D)
  A gnoll (D)
  2 adders (D)
  2 river rats (D)
  2 ball pythons (D)
  A hobgoblin (D)
13 creatures vanquished.

Notes
Turn   | Place    | Note
-------+----------+-------------------------------------------
     0 | D        | styxcanada the Spriggan Brigand began the quest for the
                  | Orb.
     0 | D        | Reached XP level 1. HP: 10/10 MP: 2/2
    21 | D        | Reached skill level 8 in Stealth
    21 | D        | Reached XP level 2. HP: 2/15 MP: 3/3
   379 | D        | Found a bloodstained altar of Trog.
   379 | D        | Found a shimmering blue altar of Sif Muna.
   379 | D        | Found a viscous altar of Jiyva.
   379 | D        | Found a hazy altar of Hepliaklqana.
   379 | D        | Found an opulent altar of Gozag.
   380 | D        | Found a glowing golden altar of the Shining One.
   380 | D        | Found a glowing silver altar of Zin.
   380 | D        | Found a basalt altar of Yredelemnul.
   380 | D        | Found a shimmering altar of Xom.
   380 | D        | Found an ornate altar of the Wu Jian Council.
   380 | D        | Found a sacrificial altar of Ru.
   380 | D        | Found a stormy altar of Qazlal.
   380 | D        | Found an iron altar of Okawaru.
   380 | D        | Found a sparkling altar of Nemelex Xobeh.
   380 | D        | Found a burning altar of Makhleb.
   380 | D        | Found a blossoming altar of Fedhas.
   380 | D        | Found a white marble altar of Elyvilon.
   380 | D        | Found a shadowy altar of Dithmenos.
   380 | D        | Found a snail-covered altar of Cheibriados.
   381 | D        | Found a radiant altar of Vehumet.
   381 | D        | Found a corrupted altar of Lugonu.
   382 | D        | Found an ancient bone altar of Kikubaaqudgha.
   382 | D        | Found a hide-covered altar of Uskayaw.
   382 | D        | Found a broken altar of Ashenzari.
   384 | D        | Became a worshipper of Gozag Ym Sagoz the Greedy
   408 | D        | Noticed a floating eye
   415 | D        | Paralysed by a floating eye for 3 turns
   422 | D        | Killed a floating eye
   423 | D        | Reached skill level 12 in Stealth
   423 | D        | Reached XP level 3. HP: 19/19 MP: 4/4
   423 | D        | Reached XP level 4. HP: 23/23 MP: 5/5
   455 | D        | Reached skill level 13 in Stealth
   533 | D        | Reached XP level 5. HP: 21/28 MP: 6/6
   559 | D        | Reached skill level 14 in Stealth
   677 | D        | Noticed Ijyb
   680 | D        | Noticed a flying skull
   737 | D        | Reached skill level 5 in Short Blades
   778 | D        | HP: 1/28 [iron imp (10)]
   781 | D        | Reached skill level 5 in Throwing
   781 | D        | Reached skill level 15 in Stealth
   810 | D        | Reached XP level 6. HP: 4/32 MP: 7/7
  1033 | D        | Slain by Ijyb

Illustrated notes

Levels and vault maps discovered:
D:        pitsprint [storerooms_1, entrance_room_1, metal_vault_6, armoury_1,
          mini_pit_1, grid_room_1, main_hall_1, silver_pit, the_coven_3,
          the_vestibule_1, steel_vault_2, golden_pit, hallway_of_sentries,
          crystal_vault_4, iron_vault_2, final_vault]

Skill      XL: |  1  2  3  4  5 |
---------------+----------------+-----
Stealth        | 8 12 13 15 | 15.5
Fighting       | 2 3 |  3.5
Short Blades   | 4 5 |  5.4
Throwing       | 3 5 |  5.5
Dodging        | 2 |  2.6

Action                   |  1- 3 |  4- 6 || total
-------------------------+-------+-------++-------
Melee: Dagger            |    21 |    45 ||    66
Throw: Dart              |       |    29 ||    29
       Stone             |       |     1 ||     1
  Use: Potion            |       |     2 ||     2
 Stab: Sleeping          |       |     4 ||     4
Armor: Robe              |     1 |    10 ||    11
Dodge: Dodged            |     7 |    52 ||    59
